 Dungeon Sprint DCSS version 0.27-a0-1359-ga2a4dfd6fd (webtiles) character file.

Game seed: 9966429439686746408

22561 mhtbhm the Sorcerer (level 12, -16/64 HPs)
             Began as a Deep Elf Earth Elementalist on June 29, 2021.
             Was the Champion of Vehumet.
             Demolished by a death cob (29 damage)
             ... in the Dungeon (Sprint VII: "The Pits").
             The game lasted 00:13:36 (3462 turns).

mhtbhm the Sorcerer (Deep Elf Earth Elementalist)   Turns: 3462, Time: 00:13:36

Health: -16/64     AC:  3    Str:  5    XL:     12   Next: 64%
Magic:  28/43      EV: 14    Int: 32    God:    Vehumet [******]
Gold:   40         SH:  0    Dex: 15    Spells: 1/62 levels left

rFire    . . .     SeeInvis .   m - +2 short sword (venom)
rCold    . . .     Faith    .   (no shield)
rNeg     . . .     Spirit   .   b - +0 robe
rPois    .         Reflect  .   q - +0 helmet
rElec    .         Harm     .   (no cloak)
rCorr    .         Rampage  .   (no gloves)
Will     +....     NoTele   +   (no boots)
Stlth    +++.......             (no amulet)
HPRegen  0.20/turn              u - ring of wizardry
MPRegen  0.28/turn              v - +6 ring of intelligence

@: slowed, very slow
A: no striking features
a: Renounce Religion


You were in the Dungeon.
You worshipped Vehumet.
Vehumet was exalted by your worship.
You visited 1 branch You collected 40 gold pieces.

Inventory:

Hand Weapons
 m - a +2 short sword of venom (weapon)
Missiles
 i - 23 stones
Armour
 b - a +0 robe (worn)
 q - a +0 helmet (worn)
 A - the +9 chain mail of Qenwebub {rF+ Int+10 Stlth+}
   (You took it off a deep elf blademaster in the Dungeon)

   Int:       It affects your intelligence (+10).
   rF:        It protects you from fire.
   Stlth:     It makes you more stealthy.
Jewellery
 n - a ring of protection from cold
 p - a +3 ring of protection
 u - a ring of wizardry (left hand)
 v - a +6 ring of intelligence (right hand)
 z - a ring of willpower
Scrolls
 h - a scroll of blinking
 j - 6 scrolls of amnesia
 k - a scroll of summoning
 l - 3 scrolls of silence
 w - 5 scrolls of fear
 x - 3 scrolls of identify
 y - 4 scrolls of enchant armour
Potions
 a - 2 potions of invisibility
 c - 15 potions of heal wounds
 d - 7 potions of curing
 e - 3 potions of haste
 f - 2 potions of magic
 g - 7 potions of berserk rage
 o - 4 potions of brilliance
 r - 4 potions of resistance
 s - a potion of mutation
Miscellaneous
 B - a piece from Xom's chessboard (15/15)


   Skills:
 - Level 3.4 Fighting
 + Level 2.2 Staves
 + Level 5.2 Dodging
 + Level 5.1 Stealth
 + Level 25.5 Spellcasting
 + Level 5.4 Conjurations
 + Level 2.0 Transmutations
 * Level 5.6 Fire Magic
 + Level 22.3 Earth Magic


You had one spell level left.
You knew the following spells:

 Your Spells              Type           Power      Damage    Failure   Level
a - Sandblast             Erth           100%       2d20      0%          1
b - Passwall              Tmut/Erth      72%        N/A       0%          2
c - Stone Arrow           Conj/Erth      100%       3d13      0%          3
d - Lee's Rapid Deconstr  Erth           55%        3d27*     0%          5
e - Petrify               Tmut/Erth      87%        N/A       1%          4
f - Mephitic Cloud        Conj/Pois/Air  51%        N/A       1%          3
g - Spellforged Servitor  Conj/Summ      27%        N/A       17%         7
h - Iron Shot             Conj/Erth      46%        9d9       1%          6
i - Bolt of Magma         Conj/Fire/Erth 42%        4d18      1%          5
j - Lehudib's Crystal Sp  Conj/Erth      46%        10d11     1%          8
k - Shatter               Erth           55%        3d42*     1%          9
l - Ignition              Fire           33%        3d10      36%         8

Your spell library contained the following spells:

 Spells                   Type           Power      Damage    Failure   Level
 Fire Storm               Conj/Fire      33%        8d8       99%         9
 Beastly Appendage        Tmut           100%       N/A       1%          1
 Wereblood                Tmut           52%        N/A       1%          2
 Spider Form              Tmut/Pois      23%        N/A       1%          3
 Ice Form                 Ice/Tmut       47%        N/A       1%          4
 Iskenderun's Battlesphe  Conj           66%        2d12      1%          5
 Yara's Violent Unravell  Hex/Tmut       23%        3d10      1%          5
 Cause Fear               Hex            20%        N/A       2%          4
 Silence                  Hex/Air        20%        N/A       7%          5
 Orb of Destruction       Conj           33%        9d12      7%          7
 Discord                  Hex            20%        N/A       100%        8


Dungeon Overview and Level Annotations

Branches:
Dungeon (1/1)

Altars:
Ashenzari
Cheibriados
Dithmenos
Elyvilon
Fedhas
Gozag
Hepliaklqana
Kikubaaqudgha
Makhleb
Nemelex Xobeh
Okawaru
Qazlal
Ru
Sif Muna
Trog
Uskayaw
Vehumet
Wu Jian
Xom
Yredelemnul
Zin
The Shining One
Beogh
Jiyva
Lugonu


Message History

Press: ? - help, Dir - move target A metal wall.
The metal wall shatters!
The blast of metal fragments hits the deep troll!!!
You kill the deep troll!
Vehumet accepts your kill.
You feel your power returning.
The blast of metal fragments hits the large abomination!!!
The large abomination is almost destroyed.
A death cob comes into view.
A hell beast comes into view.
The death cob hits you!! The death cob drains your vigour!
You feel yourself slow down.
A hell hog comes into view.
Unknown command.
Casting: Lee's Rapid Deconstruction (safe; 0% risk of failure)
Confirm with . or Enter, or press ? or * to list all spells.
Aiming: Lee's Rapid Deconstruction (safe; 0% risk of failure)
Press: ? - help, Dir - move target A metal wall.
Okay, then.
Okay, then.
Unknown command.
Casting: Lee's Rapid Deconstruction (safe; 0% risk of failure)
Confirm with . or Enter, or press ? or * to list all spells.
Okay, then.
Casting: Lee's Rapid Deconstruction (safe; 0% risk of failure)
Confirm with . or Enter, or press ? or * to list all spells.
The spell is quite dangerous to cast (1% risk of failure)!
Continue anyway?
Aiming: Lehudib's Crystal Spear (quite dangerous; 1% risk of failure)
Press: ? - help, Shift-Dir - straight line, f - death cob
Aim: a death cob (70% to hit)
The crystal spear hits the death cob!!!
The death cob is severely damaged.
The death cob hits you but does no damage.
The death cob hits you!!
* * * LOW HITPOINT WARNING * * *
The death cob drains your vigour!
You feel as though you will be slow longer.
The death cob hits you!!
You die...

#... #... +..# +... #...
#######################..#
#....................''...
#.....=..@.†.........''...
#..#######z########..##..#
#.. #X# #..##... #.. #H#
#..##... #.. #l# #..####'
#.. #h# #..####' #.. #2#
#..##... #.. ## #..##.#)
####### #.#)


You could see a death cob, a hell beast, a hell hog, a large abomination, a
harpy and a basilisk.

Vanquished Creatures
  A deep elf blademaster (D)
  An emperor scorpion (D)
  Erolcha (D)
  A centaur warrior (D)
  A two-headed ogre (D)
  A vampire mage (D)
  2 sixfirhies (D)
  A sun demon (D)
  A fire crab (D)
  A deep troll (D)
  A flayed ghost (D)
  A harpy (D)
  A lindwurm (D)
  4 orc knights (D)
  A necromancer (D)
  A manticore (D)
  A cyclops (D)
  A merfolk siren (D)
  2 black mambas (D)
  A guardian serpent (D)
  A molten gargoyle (D)
  A smoke demon (D)
  An unseen horror (D)
  A demonic crawler (D)
  A yaktaur (D)
  3 kobold demonologists (D)
  A jumping spider (D)
  A polar bear (D)
  A wind drake (D)
  4 blink frogs (D)
  An air elemental (D)
  2 shadows (D)
  A ynoxinul (D)
  A shapeshifter (D)
  Grum (D)
  A fire bat (D)
  5 yaks (D)
  2 wargs (D)
  2 floating eyes (D)
  2 water moccasins (D)
  6 orc warriors (D)
  A swamp drake (D)
  A black bear (D)
  A necrophage (D)
  5 wolves (D)
  An ogre (D)
  A phantom (D)
  A kobold brigand (D)
  2 bullfrogs (D)
  3 scorpions (D)
  4 killer bees (D)
  9 wights (D)
  2 crimson imps (D)
  4 orc priests (D)
  2 gnoll shamans (D)
  An iron imp (D)
  An iguana (D)
  6 orc wizards (D)
  A mummy (D)
  11 gnolls (D)
  A white imp (D)
  An ufetubus (D)
  6 orcs (D)
  A bat skeleton (D)
  A bat zombie (D)
  A giant cockroach (D)
  8 jackals (D)
  4 kobolds (D)
  A ball python (D)
  A ball python zombie (D)
  A quokka skeleton (D)
147 creatures vanquished.

Notes
Turn   | Place    | Note
-------+----------+-------------------------------------------
     0 | D        | mhtbhm the Deep Elf Earth Elementalist began the quest for
                  | the Orb.
     0 | D        | Reached XP level 1. HP: 10/10 MP: 6/6
   145 | D        | Found a bloodstained altar of Trog.
   145 | D        | Found a shimmering blue altar of Sif Muna.
   145 | D        | Found a viscous altar of Jiyva.
   145 | D        | Found a hazy altar of Hepliaklqana.
   145 | D        | Found an opulent altar of Gozag.
   146 | D        | Found a glowing golden altar of the Shining One.
   146 | D        | Found a glowing silver altar of Zin.
   146 | D        | Found a basalt altar of Yredelemnul.
   146 | D        | Found a shimmering altar of Xom.
   146 | D        | Found an ornate altar of the Wu Jian Council.
   146 | D        | Found a sacrificial altar of Ru.
   146 | D        | Found a stormy altar of Qazlal.
   146 | D        | Found an iron altar of Okawaru.
   146 | D        | Found a sparkling altar of Nemelex Xobeh.
   146 | D        | Found a burning altar of Makhleb.
   146 | D        | Found a blossoming altar of Fedhas.
   146 | D        | Found a white marble altar of Elyvilon.
   146 | D        | Found a shadowy altar of Dithmenos.
   146 | D        | Found a snail-covered altar of Cheibriados.
   148 | D        | Found a radiant altar of Vehumet.
   148 | D        | Found a corrupted altar of Lugonu.
   149 | D        | Found a hide-covered altar of Uskayaw.
   149 | D        | Found an ancient bone altar of Kikubaaqudgha.
   149 | D        | Found a broken altar of Ashenzari.
   156 | D        | Became a worshipper of Vehumet
   207 | D        | Reached skill level 4 in Spellcasting
   207 | D        | Reached skill level 5 in Earth Magic
   207 | D        | Reached XP level 2. HP: 15/15 MP: 3/9
   362 | D        | Learned a level 2 spell: Passwall
   365 | D        | Noticed a scorpion
   376 | D        | Killed a scorpion
   377 | D        | Reached skill level 6 in Spellcasting
   377 | D        | Reached XP level 3. HP: 10/20 MP: 1/12
   377 | D        | Reached XP level 4. HP: 12/24 MP: 1/14
   377 | D        | Reached * piety under Vehumet
   377 | D        | Offered knowledge of Magic Dart by Vehumet.
   565 | D        | Noticed a floating eye
   566 | D        | Reached ** piety under Vehumet
   572 | D        | Learned a level 3 spell: Stone Arrow
   572 | D        | Paralysed by a floating eye for 2 turns
   575 | D        | Killed a floating eye
   575 | D        | Offered knowledge of Foxfire by Vehumet.
   576 | D        | Reached skill level 1 in Fighting
   576 | D        | Reached skill level 8 in Spellcasting
   576 | D        | Reached skill level 1 in Conjurations
   576 | D        | Reached XP level 5. HP: 29/29 MP: 9/18
   584 | D        | Learned a level 5 spell: Lee's Rapid Deconstruction
   589 | D        | Learned a level 4 spell: Petrify
   633 | D        | Reached *** piety under Vehumet
   634 | D        | Reached skill level 9 in Spellcasting
   773 | D        | Noticed a phantom
   773 | D        | Noticed a water moccasin
   774 | D        | Killed a water moccasin
   774 | D        | Offered knowledge of Frozen Ramparts by Vehumet.
   774 | D        | Reached **** piety under Vehumet
   775 | D        | Reached skill level 1 in Staves
   775 | D        | Reached skill level 11 in Spellcasting
   775 | D        | Reached skill level 10 in Earth Magic
   775 | D        | Reached XP level 6. HP: 35/35 MP: 16/22
   825 | D        | Reached skill level 12 in Spellcasting
   922 | D        | Reached ***** piety under Vehumet
   936 | D        | Reached XP level 7. HP: 40/40 MP: 17/24
   940 | D        | Offered knowledge of Mephitic Cloud by Vehumet.
  1009 | D        | Learned a level 3 spell: Mephitic Cloud
  1024 | D        | Offered knowledge of Conjure Flame by Vehumet.
  1035 | D        | Noticed a ynoxinul
  1036 | D        | Killed a ynoxinul
  1037 | D        | Reached skill level 13 in Spellcasting
  1065 | D        | Reached ****** piety under Vehumet
  1066 | D        | Reached skill level 14 in Spellcasting
  1066 | D        | Reached XP level 8. HP: 45/45 MP: 23/28
  1092 | D        | Noticed a black mamba
  1092 | D        | Noticed a manticore
  1096 | D        | Killed a manticore
  1097 | D        | Reached skill level 15 in Spellcasting
  1098 | D        | Killed a black mamba
  1099 | D        | Reached skill level 16 in Spellcasting
  1099 | D        | Reached skill level 5 in Conjurations
  1099 | D        | Reached XP level 9. HP: 32/49 MP: 14/31
  1347 | D        | Noticed a molten gargoyle
  1350 | D        | Offered knowledge of Spellforged Servitor by Vehumet.
  1353 | D        | Killed a molten gargoyle
  1396 | D        | Learned a level 7 spell: Spellforged Servitor
  1412 | D        | Offered knowledge of Irradiate by Vehumet.
  1413 | D        | Reached skill level 15 in Earth Magic
  1415 | D        | Reached skill level 17 in Spellcasting
  1415 | D        | Noticed a flayed ghost
  1417 | D        | Killed a flayed ghost
  1532 | D        | Noticed a merfolk siren
  1532 | D        | Noticed an orc knight
  1536 | D        | Reached skill level 18 in Spellcasting
  1536 | D        | Noticed a lindwurm
  1537 | D        | Noticed a demonic crawler
  1538 | D        | Killed a lindwurm
  1539 | D        | Reached XP level 10. HP: 54/54 MP: 19/34
  1539 | D        | Offered knowledge of Starburst by Vehumet.
  1542 | D        | Reached skill level 19 in Spellcasting
  1542 | D        | Killed an orc knight
  1543 | D        | Reached skill level 5 in Stealth
  1544 | D        | Killed a merfolk siren
  1544 | D        | Noticed a two-headed ogre
  1545 | D        | Reached skill level 20 in Spellcasting
  1547 | D        | Killed a two-headed ogre
  1687 | D        | Offered knowledge of Lightning Bolt by Vehumet.
  1690 | D        | Noticed Grum
  1692 | D        | Noticed a cyclops
  1693 | D        | Reached skill level 21 in Spellcasting
  1694 | D        | Killed a cyclops
  1695 | D        | Reached XP level 11. HP: 60/60 MP: 22/38
  1695 | D        | Noticed an emperor scorpion
  1696 | D        | Killed Grum
  1731 | D        | Noticed an orc knight
  1740 | D        | Killed an orc knight
  1743 | D        | Killed an emperor scorpion
  1744 | D        | Reached skill level 22 in Spellcasting
  2006 | D        | Noticed an orc knight
  2006 | D        | Noticed a sun demon
  2008 | D        | Offered knowledge of Iron Shot by Vehumet.
  2009 | D        | Noticed a necromancer
  2011 | D        | Killed a necromancer
  2011 | D        | Killed a sun demon
  2013 | D        | Killed an orc knight
  2245 | D        | Learned a level 6 spell: Iron Shot
  2352 | D        | Noticed a sixfirhy
  2353 | D        | Offered knowledge of Bolt of Magma by Vehumet.
  2363 | D        | Reached skill level 23 in Spellcasting
  2363 | D        | Killed a sixfirhy
  2619 | D        | Learned a level 5 spell: Bolt of Magma
  2648 | D        | Noticed a vampire mage
  2651 | D        | Killed a vampire mage
  2760 | D        | Offered knowledge of Lehudib's Crystal Spear by Vehumet.
  3058 | D        | Learned a level 8 spell: Lehudib's Crystal Spear
  3070 | D        | Reached skill level 24 in Spellcasting
  3071 | D        | Reached XP level 12. HP: 64/64 MP: 33/42
  3113 | D        | Noticed Erolcha
  3117 | D        | Reached skill level 5 in Dodging
  3118 | D        | Killed Erolcha
  3119 | D        | Offered knowledge of Fire Storm by Vehumet.
  3119 | D        | Offered knowledge of Shatter by Vehumet.
  3119 | D        | Offered knowledge of Ignition by Vehumet.
  3228 | D        | Learned a level 9 spell: Shatter
  3236 | D        | Noticed Ahikk the pandemonium lord
  3285 | D        | Noticed a centaur warrior
  3286 | D        | Reached skill level 1 in Fire Magic
  3286 | D        | Identified the +9 chain mail of Qenwebub {rF+ Int+10
                  | Stlth+}
  3286 | D        | Noticed a deep elf blademaster
  3289 | D        | Killed a centaur warrior
  3291 | D        | Killed a deep elf blademaster
  3292 | D        | Reached skill level 25 in Spellcasting
  3448 | D        | Learned a level 8 spell: Ignition
  3458 | D        | Noticed a hell hog
  3460 | D        | Reached skill level 5 in Fire Magic
  3461 | D        | Noticed a death cob
  3461 | D        | Noticed a hell beast
  3462 | D        | Noticed a hell hog
  3462 | D        | Demolished by a death cob

Illustrated notes

Levels and vault maps discovered:
D:        pitsprint [storerooms_1, entrance_room_1, metal_vault_1, armoury_3,
          mini_pit_1, grid_room_1, main_hall_1, silver_pit, the_coven_1,
          the_vestibule_1, steel_vault_3, golden_pit, hallway_of_sentries,
          crystal_vault_4, iron_vault_3, final_vault]

Skill      XL: |  1  2  3  4  5  6  7  8  9 10 11 12 |
---------------+-------------------------------------+-----
Earth Magic    | 5 7 8 10 11 12 14 16 18 20 22 | 22.3
Dodging        | 3 4 5 |  5.2
Spellcasting   | 4 6 8 11 12 14 16 18 21 24 25 | 25.5
Stealth        | 3 4 5 |  5.1
Fighting       | 1 2 3 |  3.4
Conjurations   | 1 2 4 5 |  5.4
Staves         | 1 2 |  2.2
Transmutations | 2 |  2.0
Fire Magic     | 5 |  5.6

Action                   |  1- 3 |  4- 6 |  7- 9 | 10-12 || total
-------------------------+-------+-------+-------+-------++-------
Melee: Quarterstaff      |       |     3 |       |       ||     3
       Short sword       |       |       |       |     1 ||     1
 Cast: Sandblast         |    15 |     3 |       |       ||    18
       Stone Arrow       |       |     5 |     3 |       ||     8
       Lee's Rapid Decon |       |     7 |    21 |    71 ||    99
       Petrify           |       |       |       |     2 ||     2
       Lehudib's Crystal |       |       |       |     1 ||     1
  Use: Potion            |     2 |       |       |     2 ||     4
Armor: Robe              |     3 |     4 |       |     4 ||    11
Dodge: Dodged            |    13 |     6 |     3 |    13 ||    35

Table legend: (Time is in decaauts)
 A = Elapsed time spent in this place.
 B = Non-inter-level travel time spent in this place.
 C = Inter-level travel time spent in this place.
 D = Time resting spent in this place.
 E = Time spent auto-exploring this place.
 F = Levels seen in this place.
 G = Mean time per level.
                   A        B        C        D        E       F      G
               +--------+--------+--------+--------+--------+-----+--------+
         Total |   3456 |   3456 |      0 |   2307 |    148 |   1 | 3456.0 |
       Dungeon |   3456 |   3456 |      0 |   2307 |    148 |   1 | 3456.0 |
               +--------+--------+--------+--------+--------+-----+--------+

Top non-repeatable levels by time:
       D: 3456 daAuts
